Map: Mech Depot LE

Players

Warren - Winner!

  • Race: Zerg Zerg
  • League: Grandmaster
  • Spawn Location: 7:00

Rogue

  • Race: Zerg Zerg
  • League: Master
  • Spawn Location: 1:00

Event: HopeTL

VOD

https://www.youtube.com/watch?v=9bOc8rEuMS8&index=8&list=PL9QsjkBYtQM7NVZEDVfaNugqO61aBOlm6

Description

Time

  • Played on: Sept. 26, 2017, 7:38 p.m.
  • Length: 6:26
Show
View Real Time Build Order
Export as new Build Order

Warren Zerg - Winner!

Build Orders: Hatch First 

Get SALT Encoding   

  12  0:00  Drone  
  13  0:12  Overlord  
  13  0:17  Drone  
  14  0:30  Drone  
  14  0:31  Drone  
  14  0:35  Drone  
  17  0:53  Hatchery  
  17  0:55  Drone  
  17  0:58  Drone  
  18  1:06  Extractor  
  17  1:13  Spawning Pool  
  17  1:16  Drone  
  17  1:20  Drone  
  18  1:29  Drone  
  19  1:39  Overlord  
  19  1:49  Drone  
  20  1:59  Queen  
  20  2:01  Zergling x2  
  23  2:05  Queen  
  23  2:06  Zergling x2, Metabolic Boost  
  26  2:12  Drone  
  26  2:15  Drone  
  28  2:21  Drone  
  29  2:26  Drone  
  30  2:32  Baneling Nest  
  30  2:35  Drone  
  30  2:39  Drone  
  31  2:50  Drone x2  
  33  2:57  Hatchery  
  32  2:59  Overlord  
  32  3:03  Zergling x2  
  33  3:07  Drone x2  
  35  3:16  Overlord  
  35  3:26  Baneling x2  
  36  3:27  Drone x5  
  36  3:28  Drone  
  41  3:36  Drone  
  42  3:44  Overlord  
  42  3:45  Zergling x2  
  42  3:46  Zergling x8  
  47  3:51  Evolution Chamber  
  46  3:56  Roach Warren  
  46  3:57  Lair  
  46  4:00  Baneling x2  
  45  4:04  Drone x2  
  45  4:07  Drone x2  
  45  4:09  Drone  
  50  4:12  Extractor  
  49  4:19  Drone x2  
  49  4:20  Drone x2  
  53  4:30  Zergling x2  
  53  4:31  Zergling x10  
  58  4:37  Spine Crawler  
  51  4:38  Spine Crawler  
  51  4:40  Roach  
  51  4:46  Zergling x6, Baneling x2  
  54  4:55  Roach x3  
  60  5:00  Baneling x5  
  60  5:02  Zergling x4  
  60  5:03  Zergling x6  
  64  5:07  Overlord  
  64  5:08  Zergling x2  
  64  5:11  Baneling  
  56  5:29  Roach  
  56  5:30  Roach x4  
  43  5:50  Roach x4  
  43  5:57  Roach, Zergling x6  
  46  6:05  Roach, Zergling x8  
Show
View Real Time Build Order
Export as new Build Order

Rogue Zerg 

Build Orders: Hatch First 

Get SALT Encoding   

  12  0:01  Drone  
  13  0:11  Drone  
  14  0:29  Overlord  
  14  0:32  Extractor, Drone  
  15  0:47  Drone x2  
  17  0:59  Hatchery  
  17  1:01  Drone  
  17  1:03  Drone  
  18  1:15  Extractor  
  18  1:18  Spawning Pool  
  16  1:21  Drone  
  16  1:24  Drone  
  18  1:34  Drone  
  19  1:44  Overlord  
  19  1:56  Drone  
  20  2:04  Queen  
  20  2:08  Drone  
  23  2:12  Queen  
  23  2:13  Drone  
  23  2:14  Metabolic Boost  
  26  2:17  Drone  
  26  2:21  Drone  
  28  2:28  Drone  
  29  2:33  Drone  
  30  2:39  Zergling x2  
  30  2:44  Zergling x2  
  32  2:49  Drone  
  33  2:56  Overlord  
  33  3:04  Roach Warren  
  32  3:07  Zergling x4  
  34  3:16  Overlord  
  34  3:17  Zergling x6  
  34  3:18  Zergling x2, Hatchery  
  37  3:20  Drone  
  37  3:23  Extractor  
  37  3:30  Overlord  
  37  3:31  Overlord  
  37  3:46  Roach x4  
  45  3:51  Roach  
  45  3:54  Roach  
  49  4:02  Roach x2  
  53  4:06  Roach  
  53  4:09  Roach  
  57  4:13  Roach  
  59  4:22  Roach x2  
  63  4:31  Roach x2  
  67  4:37  Zergling x6  
  63  4:40  Zergling x2  
  64  4:46  Zergling x4  
  66  4:55  Zergling x6  
  69  5:00  Zergling x2  
  69  5:01  Zergling x2  
  69  5:05  Ravager x2  
  63  5:15  Zergling x8  
  64  5:25  Roach  
  56  5:28  Zergling x2  
  54  5:37  Zergling x2  
  47  5:44  Zergling x2  
  44  5:50  Roach  
  44  5:53  Zergling x2  
  41  6:02  Zergling x2  
  40  6:08  Ravager x3  
Tags
 
Add a new tag
Caveats
  • Supply blocks, unpowered buildings, or Contaminate may cause inaccurate times.
  • Supply counts are checked every 10 seconds.